 Dungeon Crawl Stone Soup version 0.23-b1 (webtiles) character file.

Game seed: 3067437560642061302

177 lysyklops the Shield-Bearer (level 5, 0/46 HPs)
             Began as a Minotaur Fighter on Jan 30, 2019.
             Was an Initiate of the Shining One.
             Slain by Grinder (5 damage)
             ... on level 3 of the Dungeon.
             The game lasted 00:03:50 (1834 turns).

lysyklops the Shield-Bearer (Minotaur Fighter)      Turns: 1834, Time: 00:03:51

Health: 0/46       AC:  8    Str: 22    XL:     5   Next: 30%
Magic:  4/4        EV:  8    Int:  5    God:    the Shining One [......]
Gold:   170        SH: 10    Dex:  9    Spells: 4/4 levels left

rFire    . . .     SeeInvis .   a - +0 long sword
rCold    . . .     Gourm    .   c - +0 shield
rNeg     . . .     Faith    .   b - +0 scale mail
rPois    .         Spirit   .   (helmet restricted)
rElec    .         Reflect  .   (no cloak)
rCorr    .         Harm     .   (no gloves)
MR       .....                  e - +0 pair of boots
Stlth    ..........             (no amulet)
HPRegen  0.15/turn              (no ring)
MPRegen  0.09/turn              (no ring)

@: glowing
A: retaliatory headbutt, horns 2
a: Renounce Religion


You were on level 3 of the Dungeon.
You worshipped the Shining One.
The Shining One was noncommittal.
You were not hungry.

You visited 1 branch of the dungeon, and saw 3 of its levels.

You collected 170 gold pieces.

Inventory:

Hand Weapons
 a - a +0 long sword (weapon)
Armour
 b - a +0 scale mail (worn)
 c - a +0 shield (worn)
 e - a +0 pair of boots (worn)
Jewellery
 h - an uncursed ring of stealth {unknown}
 j - an uncursed amulet of rage {unknown}
 r - a +4 ring of intelligence {unknown}
Scrolls
 g - 2 scrolls of magic mapping {unknown}
 k - a scroll of random uselessness {unknown}
 l - a scroll of blinking {unknown}
 m - a scroll of enchant weapon {unknown}
 o - a scroll of remove curse {unknown}
 p - a scroll of identify {unknown}
Potions
 d - a potion of might
 i - a potion of brilliance {unknown}
 n - a potion of curing {unknown}
Comestibles
 f - 5 rations


   Skills:
 + Level 4.1 Fighting
 + Level 4.6 Long Blades
 + Level 4.4 Armour
 + Level 0.4 Dodging
 + Level 5.1 Shields


You had 4 spell levels left.
You didn't know any spells.
Your spell library was empty.

Dungeon Overview and Level Annotations

Branches:
Dungeon (3/15)

Altars:
Dithmenos
Qazlal
Trog
Wu Jian
Xom
The Shining One

Annotations:
D:3 Grinder


Innate Abilities, Weirdness & Mutations

You reflexively headbutt those who attack you in melee.
You have a pair of horns on your head.


Message History

You are too injured to fight recklessly!
Grinder is nearby!
Unknown command.
You hit Grinder but do no damage. Your headbutt misses Grinder.
Grinder is moderately wounded.
Grinder hits you!
* * * LOW HITPOINT WARNING * * *
You writhe in agony.
* * * LOW HITPOINT WARNING * * *
You hit Grinder.
Grinder is heavily wounded.
Grinder hits you but does no damage.
You hit Grinder.
Grinder is heavily wounded.
Grinder hits you but does no damage.
You barely miss Grinder.
Grinder is heavily wounded.
Grinder says, "Don't move a muscle."
Grinder hits you.
You die...

..###....(._..................#.#
### #.≈.§≈≈.^≈.≈..............#.#
#.≈§≈§..≈≈^#≈...............#
#§≈#^#^..≈≈#^...............#
..§§≈##.(.≈.^................#
#.###..≈..≈.≈^................#
#. #..###..###................#
..# ##..##.............#..# #
#...)@5...... #.........###
#............ #?...........
#.........### #.........#
###########


You could see Grinder.

Vanquished Creatures
  An orc priest (D:3)
  Terence (D:3)
  A worker ant (D:3)
  An adder (D:2)
  An ooze (D:3)
  3 worms
  4 leopard geckos
  4 orcs (D:3)
  3 giant cockroaches
  6 hobgoblins
  2 jackals (D:2)
  9 kobolds
  A ball python (D:3)
  10 bats
  7 frilled lizards
  11 goblins
  5 rats
70 creatures vanquished.

Notes
Turn   | Place    | Note
-------+----------+-------------------------------------------
     0 | D:1      | lysyklops the Minotaur Fighter began the quest for the Orb.
     0 | D:1      | Reached XP level 1. HP: 19/19 MP: 0/0
   137 | D:1      | Reached XP level 2. HP: 27/27 MP: 1/1
   460 | D:1      | Reached XP level 3. HP: 33/33 MP: 2/2
   700 | D:2      | Found a shimmering altar of Xom.
   703 | D:2      | Found an ornate altar of the Wu Jian Council.
   706 | D:2      | Found a bloodstained altar of Trog.
   713 | D:2      | Found a glowing golden altar of the Shining One.
   764 | D:2      | Became a worshipper of the Shining One
   971 | D:2      | Reached skill level 4 in Shields
  1175 | D:3      | Noticed Grinder
  1197 | D:3      | Noticed Terence
  1201 | D:3      | Reached XP level 4. HP: 37/40 MP: 3/3
  1220 | D:3      | Killed Terence
  1451 | D:3      | Found a shadowy altar of Dithmenos.
  1566 | D:3      | Found a stormy altar of Qazlal.
  1597 | D:3      | Reached XP level 5. HP: 45/46 MP: 4/4
  1603 | D:3      | Reached skill level 5 in Shields
  1834 | D:3      | Slain by Grinder

Skill      XL: |  1  2  3  4  5 |
---------------+----------------+-----
Armour         | 4 |  4.4
Long Blades    | 3 4 |  4.6
Fighting       | 4 |  4.1
Shields        | 4 5 |  5.1
Dodging        | |  0.4

Action                   |  1- 3 |  4- 6 || total
-------------------------+-------+-------++-------
Melee: Long sword        |   128 |    70 ||   198
       Headbutt          |    15 |     9 ||    24
  Eat: Chunk             |     1 |     2 ||     3
Armor: Scale mail        |    68 |    36 ||   104
Dodge: Dodged            |    38 |    32 ||    70
Block: Shield            |    70 |    39 ||   109
       Rpst.: Long sword |    13 |     7 ||    20
